[Event "Late-Titled-Tuesday-Blitz-December-26-2023"]
[Site "Chess.com"]
[Date "2023.12.26"]
[Round "3"]
[White "NovakRatko"]
[Black "ahkashefi2800"]
[Result "0-1"]
[WhiteElo "2432"]
[BlackElo "2612"]
[TimeControl "180+1"]
[EndTime "14:28:47 PST"]
[Termination "ahkashefi2800 won on time"]

1. d4 Nf6 2. c4 g6 3. Nc3 Bg7 4. e4 O-O 5. f3 c5 6. dxc5 Na6 7. Be3 Qa5 8. a3 Qc7 9. Na4 Rd8 10. Rc1 d6 11.
cxd6 Rxd6 12. Qc2 Bd7 13. b4 Bxa4 14. Qxa4 Rad8 15. Bf4 Qd7 16. Qxd7 R6xd7 17. c5 Nc7 18. Bc4 Nh5 19. Bxc7 Rxc7 20. Ne2 Rcd7 21. g4 Bh6 22. Rb1 Nf4 23. Nxf4 Bxf4 24. Be2 Rd2 25. Rd1 Be3 26. Rxd2 Rxd2 27. h4 Ra2 28. Rh3 Rxa3 29. Bc4 Bd4 30.
Bd5 Bc3+ 31. Ke2 Bxb4 32. Bxb7 Bxc5 33. Rh1 Re3+ 34. Kd2 Rxf3 35. Rc1 Be3+ 36. Ke2 Bxc1 37. Kxf3 a5 38. Bc6 Bb2 39. Ba4 Be5 40. Bb3 h5 41.
gxh5 gxh5 42. Ke3 Kg7 43. Bd1 Kg6 44. Kf3 Bf6 45. Kg3 Be5+ 46. Kh3 e6 47. Kg2 Bc7 48. Kh3 Bd8 49. Kg3 Bc7+ 50. Kh3 Bf4 51. Kg2 Kf6 52. Kh3 Ke5 53. Bxh5 a4 54. Bd1 a3 55. Bb3 Kxe4 56. Kg4 Ke5 0-1

[Event "Late-Titled-Tuesday-Blitz-December-26-2023"]
[Site "Chess.com"]
[Date "2023.12.26"]
[Round "3"]
[White "youngdinousaur"]
[Black "Camilla_Lee"]
[Result "0-1"]
[WhiteElo "2299"]
[BlackElo "2610"]
[TimeControl "180+1"]
[EndTime "14:28:51 PST"]
[Termination "Camilla_Lee won by resignation"]

1. d4 d5 2. Nf3 Nf6 3. Bf4 Bf5 4. e3 e6 5. c4 c6 6. Qb3 Qb6 7. c5 Qxb3 8. axb3 Nbd7 9. b4 Nh5 10. Nc3 Nxf4 11. exf4 b6 12. b5 bxc5 13. bxc6 Nb6 14.
Nb5 Kd8 15. Ne5 Bg6 16. Rxa7 Rxa7 17. Nxa7 cxd4 18. Ba6 f6 19. Nxg6 hxg6 20. O-O Bd6 21. g3 Ke7 22. Bd3 e5 23. fxe5 fxe5 24. Rc1 e4 25. Be2 d3 26. Bg4 Nc4 27. b3 Ne5 28. c7 Nxg4 29. c8=Q Rxc8 30. Nxc8+ Kd7 31. Nxd6 Kxd6 32.
Kf1 Nxh2+ 33. Ke1 Nf3+ 34. Kd1 d4 35. Rc4 Kd5 36. Rc8 e3 37. fxe3 dxe3 38. Rd8+ Ke4 39. Re8+ Kd4 40. Rd8+ Kc3 41. Re8 e2+ 42. Rxe2 dxe2+ 43. Kxe2 Ne5 44. Ke3 Kxb3 45. Kf4 Nf7 46. Ke4 Kc4 47.
g4 Kc5 48. Kf4 Kd5 49. g5 Kd4 0-1

[Event "Late-Titled-Tuesday-Blitz-December-26-2023"]
[Site "Chess.com"]
[Date "2023.12.26"]
[Round "3"]
[White "GMKrikor"]
[Black "TimGrutter03"]
[Result "1-0"]
[WhiteElo "2809"]
[BlackElo "2544"]
[TimeControl "180+1"]
[EndTime "14:28:54 PST"]
[Termination "GMKrikor won on time"]

1. Nf3 Nf6 2. c4 e6 3. Nc3 d5 4.
cxd5 exd5 5. d4 Be6 6. Bf4 c6 7. e3 Nbd7 8. h3 Bb4 9. Bd3 O-O 10. O-O Re8 11. Qc2 Nf8 12. Rab1 Ng6 13. Bh2 a5 14. a3 Bd6 15. Bxd6 Qxd6 16. b4 axb4 17. axb4 Rec8 18.
Qb2 Qd7 19. Rfe1 Bxh3 20. gxh3 Qxh3 21. Nh2 Ng4 22. f3 Nxh2 23. Qxh2 Qxf3 24. Qf2 Qg4+ 25. Qg2 Qh5 26. Rf1 Ra3 27. Rbc1 Re8 28. Qg3 Qh6 29. Rfe1 Nh4 30. Rc2 g5 31. Bf1 Nf5 32. Qf3 Nh4 33.
Qg4 f5 34. Qg3 f4 35. Qg4 fxe3 36. Ne2 Qf6 37. Qg3 Nf3+ 38. Kg2 Nxe1+ 39. Qxe1 Rf8 40. Ng3 Ra4 41. Qxe3 Raa8 42. Re2 Rae8 43. Qxe8 Rxe8 44. Rxe8+ Kf7 45. Re5 Kg7 46. Nh5+ 1-0

[Event "Late-Titled-Tuesday-Blitz-December-26-2023"]
[Site "Chess.com"]
[Date "2023.12.26"]
[Round "3"]
[White "AljoschaFeuerstack"]
[Black "ShahMatKanal"]
[Result "0-1"]
[WhiteElo "2655"]
[BlackElo "2531"]
[TimeControl "180+1"]
[EndTime "14:28:54 PST"]
[Termination "ShahMatKanal won by checkmate"]

1. e4 b6 2. d4 Bb7 3. Bd3 e6 4.
Nf3 d5 5. exd5 Qxd5 6. O-O Nf6 7. c4 Qh5 8. d5 Nbd7 9. Be2 Bd6 10. h3 O-O-O 11. Ng5 Qh4 12. Nxf7 exd5 13. Nxh8 Rxh8 14. cxd5 Nxd5 15. Bf3 N7f6 16. Nc3 Rd8 17. Nxd5 Nxd5 18. Bxd5 Bxd5 19. Qg4+ Qxg4 20. hxg4 Bc4 21. Bg5 Rf8 22.
Rfe1 Rf7 23. a3 h6 24. Be3 a5 25. Rac1 b5 26. Bd2 a4 27. Be3 Kb7 28. Bd4 g5 29. g3 Rh7 30. Kg2 h5 31. Rh1 Bd5+ 32. f3 h4 33.
gxh4 gxh4 34. Rh3 Rf7 35. Bf2 Be5 36. Rc2 Rg7 37. Kf1 Bc4+ 38. Kg2 Bd5 39. Kf1 Bc4+ 40. Ke1 Re7 41. Kd1 Bf6 42. Bxh4 Rh7 43. Rch2 Rd7+ 44. Kc1 Be5 45. Bg3 Bd4 46. Rg2 Be3+ 47. Kc2 Bb3+ 48. Kc3 c5 49. Bf2 Bd2# 0-1

[Event "Late-Titled-Tuesday-Blitz-December-26-2023"]
[Site "Chess.com"]
[Date "2023.12.26"]
[Round "3"]
[White "Abduzhaparov"]
[Black "SocoLoco"]
[Result "1-0"]
[WhiteElo "2396"]
[BlackElo "2115"]
[TimeControl "180+1"]
[EndTime "14:28:55 PST"]
[Termination "Abduzhaparov won on time"]

1. d4 d5 2. e4 dxe4 3. Nc3 Nc6 4. d5 Ne5 5. Nxe4 Nf6 6. Nc3 e6 7. Bg5 Be7 8. Qe2 Ng6 9. dxe6 Bxe6 10. Qb5+ Qd7 11.
Qxb7 O-O 12. Rd1 Qe8 13. Nf3 Rb8 14. Qxc7 Rxb2 15. Bd3 Bd8 16. Qxa7 Bxa2+ 17. Ne2 h6 18. Bxf6 Bxf6 19. O-O Ne5 20. Nxe5 Qxe5 21. Ng3 Re8 22. Qa4 Bd5 23. Qg4 Rb7 24. Qf5 Qxf5 25. Bxf5 Bc4 26. Bd3 Bxd3 27. cxd3 Rd7 28. Ne4 Bd4 29. g3 Red8 30. Kg2 Ba7 31. Ra1 Bd4 32. Ra3 Bb2 33. Rb3 Bd4 34. Rd1 f5 35. Nd2 Bf6 36. Nf3 g5 37. h3 g4 38. hxg4 fxg4 39. Nh2 Kf7 40. Nxg4 Bg5 41. Ne5+ Ke6 42. Nxd7 Rxd7 43. Rb6+ Kd5 44. Rb5+ Kd4 45. f4 Be7 46. Kf3 Bc5 47. Rc1 Ba7 48. Rb3 1-0

[Event "Late-Titled-Tuesday-Blitz-December-26-2023"]
[Site "Chess.com"]
[Date "2023.12.26"]
[Round "3"]
[White "nickmatta"]
[Black "Leo_C"]
[Result "0-1"]
[WhiteElo "2421"]
[BlackElo "2619"]
[TimeControl "180+1"]
[EndTime "14:28:56 PST"]
[Termination "Leo_C won on time"]

1. Nf3 Nf6 2. g3 b6 3. Bg2 Bb7 4. O-O g6 5. d3 c5 6. e4 d6 7.
Nc3 Bg7 8. Be3 O-O 9. Qd2 Ng4 10. Bg5 h6 11. h3 hxg5 12. hxg4 f6 13. Nd5 e6 14.
Nc3 Nd7 15. d4 Qe7 16. Rad1 Rfd8 17. dxc5 dxc5 18. Qd6 Qxd6 19. Rxd6 Nf8 20. Rfd1 Rxd6 21. Rxd6 Kf7 22. e5 Ke7 23. Rd1 f5 24. gxf5 gxf5 25.
Nxg5 Bxg2 26. Kxg2 Bxe5 27. f4 Bf6 28. Nf3 Rd8 29. Rxd8 Kxd8 30. Nd1 Nd7 31. c3 b5 32. Ne3 Nb6 33. g4 fxg4 34. Nxg4 Bg7 35. Nge5 Kc7 36. Kg3 Na4 37. Ng5 Kd6 38. Nef7+ Ke7 39.
Nd8 Nxb2 40. Ndxe6 Bxc3 41. Nxc5 Nc4 42. Nge4 Ne3 43. Nxc3 b4 44. Kf3 Nc2 45. N3e4 a5 46. f5 Nd4+ 47. Kf4 a4 48. Ke5 b3 49. axb3 a3 0-1

[Event "Late-Titled-Tuesday-Blitz-December-26-2023"]
[Site "Chess.com"]
[Date "2023.12.26"]
[Round "3"]
[White "Flaccidmoves"]
[Black "Cipy77"]
[Result "0-1"]
[WhiteElo "2408"]
[BlackElo "2582"]
[TimeControl "180+1"]
[EndTime "14:28:57 PST"]
[Termination "Cipy77 won by resignation"]

1. d4 b6 2. e4 Bb7 3. Bd3 e6 4. Nf3 c5 5. c3 cxd4 6. cxd4 Nf6 7. Nc3 Bb4 8. Qe2 Nc6 9. O-O Bxc3 10. bxc3 d6 11. d5 exd5 12. exd5+ Ne7 13. Bb5+ Kf8 14. c4 h6 15. Bb2 Ng6 16. Rfe1 Kg8 17. Nd4 Kh7 18.
Nf5 a6 19. Ba4 b5 20. cxb5 Re8 21. Qd3 axb5 22. Bxb5 Rxe1+ 23. Rxe1 Rxa2 24. Qb3 Ra8 25. Bc6 Bxc6 26. dxc6 Rc8 27. Qxf7 Rc7 28. Bxf6 Rxf7 29. Bxd8 Rxf5 30. c7 Rc5 31. g3 Ne5 32. f4 Nf3+ 33. Kf2 Nxe1 34. Kxe1 Kg6 35. g4 Kf7 36. Kd2 Ke6 37.
Kd3 g6 38. h4 h5 39. f5+ gxf5 40. gxh5 Kf7 41. Ke3 Rc4 42. Kd3 d5 43. Ke3 Kg7 44. Bg5 Rxc7 45. Kf4 d4 46. Kxf5 Rd7 47. h6+ Kh7 48. Bd2 d3 49. Ke4 Kg6 50. Ke5 Kh5 51.
Ke6 Rh7 52. Ke5 Rxh6 53. Ke4 Rd6 54. Ke5 Rd8 55. Ke4 Kxh4 0-1

[Event "Late-Titled-Tuesday-Blitz-December-26-2023"]
[Site "Chess.com"]
[Date "2023.12.26"]
[Round "3"]
[White "chessajedrezz2020"]
[Black "johnmez"]
[Result "1-0"]
[WhiteElo "2778"]
[BlackElo "2301"]
[TimeControl "180+1"]
[EndTime "14:28:58 PST"]
[Termination "chessajedrezz2020 won by resignation"]

1. Nf3 Nf6 2. g3 e6 3. Bg2 b5 4. O-O Bb7 5. d3 Be7 6. e4 O-O 7. Qe2 a6 8. a4 b4 9. e5 Ne8 10. a5 d5 11. exd6 cxd6 12. Nbd2 Nc6 13.
Nb3 Nf6 14. Bd2 Rc8 15. Rfc1 Qd7 16. Qe1 d5 17. Be3 e5 18. Nc5 Bxc5 19. Bxc5 Rfe8 20. Nd2 Qf5 21. Nb3 e4 22. Qd2 Ne5 23. Qf4 Qxf4 24. gxf4 Ng6 25. Be3 Nh5 26. f5 Ngf4 27. Bf1 g6 28. fxg6 hxg6 29. d4 Ne6 30. Nc5 Nxc5 31. dxc5 f5 32. Rd1 f4 33. Bd4 Ng7 34. Ra4 Ne6 35.
Rxb4 Rc7 36. Be5 Rh7 37. Bd6 Ng5 38. Bg2 f3 39. Bf1 e3 40. fxe3 Rxe3 41. Rg4 Ne4 42. Rxg6+ Kf7 43. Rg4 f2+ 44. Kg2 d4 45. Rf4+ Ke6 46.
Bc4+ Kd7 47. Rf7+ Rxf7 48. Bxf7 Nxd6+ 49. Kxf2 Nxf7 50. Rxd4+ Ke6 51. Kxe3 Ne5 52. Rd6+ Kf5 53. b3 Ng4+ 54. Kd4 Nxh2 55. c6 Bc8 56. c7 Nf3+ 57. Kc5 Ng5 58. Rd8 Bb7 59. c8=Q+ Ne6+ 60. Kd6 1-0

[Event "Late-Titled-Tuesday-Blitz-December-26-2023"]
[Site "Chess.com"]
[Date "2023.12.26"]
[Round "3"]
[White "oskariot"]
[Black "chesspreceptor"]
[Result "1-0"]
[WhiteElo "2840"]
[BlackElo "2634"]
[TimeControl "180+1"]
[EndTime "14:28:59 PST"]
[Termination "oskariot won on time"]

1. e4 e5 2. Nf3 Nc6 3. Nc3 Nf6 4. h3 d5 5. exd5 Nxd5 6. Bb5 Nxc3 7. bxc3 Bd6 8. O-O O-O 9. d4 exd4 10. cxd4 Bf5 11. c4 Qf6 12. Bxc6 bxc6 13. c5 Bxc5 14. Bg5 Qg6 15.
dxc5 h6 16. Be7 Rfe8 17. Nh4 Qe6 18. Nxf5 Qxf5 19. Bh4 Qxc5 20. Rc1 Qb4 21. Bg3 Rad8 22. Qg4 Rd4 23. Qf3 c5 24. Bxc7 c4 25. Bf4 c3 26.
Be3 Rc4 27. Bxa7 c2 28. Be3 Qa3 29. Qd5 Qxa2 30. Rfe1 Rec8 31. Qd3 Qb2 32. Qf5 R4c6 33. Qg4 Rc4 34. Qe2 Qb3 35. Qf3 Rd8 36. Ra1 Rc7 37.
Bf4 Rc3 38. Qe4 Rcd3 39. Ra8 Rd1 40. Rxd8+ Rxd8 41. Kh2 Rd1 42. Qe8+ Kh7 43. Qe4+ Kg8 44. Bc1 h5 45. g3 Qc3 46. Rg1 Qc5 47. Qe3 Qc4 48.
Qe8+ Kh7 49. Qe3 Qc5 50. Qf3 1-0

[Event "Late-Titled-Tuesday-Blitz-December-26-2023"]
[Site "Chess.com"]
[Date "2023.12.26"]
[Round "3"]
[White "venturov"]
[Black "kingofthenil"]
[Result "1-0"]
[WhiteElo "2488"]
[BlackElo "2676"]
[TimeControl "180+1"]
[EndTime "14:28:59 PST"]
[Termination "venturov won on time"]

1. Nf3 g6 2. d4 Bg7 3. e4 c6 4.
h3 d5 5. e5 f6 6. exf6 exf6 7.
Be2 Ne7 8. O-O O-O 9. c4 dxc4 10. Bxc4+ Nd5 11. Re1 Na6 12. Nc3 Nc7 13. Bf4 Kh8 14. Bxc7 Nxc7 15. d5 cxd5 16. Nxd5 f5 17. Nf4 Qf6 18.
Rc1 Bh6 19. g3 Bxf4 20. gxf4 Be6 21. Qb3 Rae8 22. Qxb7 Rf7 23. Ng5 Bxc4 24. Nxf7+ Bxf7 25.
Qxc7 Kg8 26. Rxe8+ Bxe8 27. Qe5 Qd8 28. Rc7 Bf7 29.
Qe7 Qd1+ 30. Kh2 Qd5 31. Rxa7 Qc4 32. Qxf7+ Qxf7 33. Rxf7 Kxf7 34. b4 Ke6 35. a4 Kd5 36. b5 Kc5 37. Kg3 h6 38. h4 Kb6 39. Kf3 Ka5 40. Ke3 Kb6 41. Kd4 g5 42. fxg5 hxg5 43. hxg5 Kc7 44. f4 Kb6 45. Ke5 Ka5 46. Kxf5 Kxa4 47.
g6 Kxb5 48. g7 Kc5 49. g8=Q Kd4 50. Qe6 Kd3 51. Kg5 Kd2 52. f5 Kd1 53. f6 Kd2 54. f7 1-0

[Event "Late-Titled-Tuesday-Blitz-December-26-2023"]
[Site "Chess.com"]
[Date "2023.12.26"]
[Round "3"]
[White "Grindaveci"]
[Black "Anar_Aliakbarov"]
[Result "1-0"]
[WhiteElo "2374"]
[BlackElo "2519"]
[TimeControl "180+1"]
[EndTime "14:29:02 PST"]
[Termination "Grindaveci won on time"]

1. e4 c5 2. Nf3 d6 3. c3 Nf6 4.
Be2 Nc6 5. Qc2 e5 6. O-O Be7 7. Rd1 O-O 8. d4 Qc7 9. Be3 a6 10. Nbd2 Bg4 11. h3 Bh5 12. Nf1 Rfe8 13. Ng3 Bxf3 14.
Bxf3 Bf8 15. Rac1 b5 16. dxc5 dxc5 17. Bg5 Nd7 18. Nf5 Nb6 19. Qe2 f6 20. Be3 Rad8 21.
h4 c4 22. h5 Na4 23. b3 cxb3 24. axb3 Nc5 25. b4 Na4 26. Bg4 Rxd1+ 27. Qxd1 Rd8 28. Qb3+ Kh8 29. c4 Qb7 30. c5 a5 31. Qe6 axb4 32.
h6 Nc3 33. hxg7+ Bxg7 34. Nxg7 Qxg7 35. Qxc6 Rg8 36. Bf3 Ne2+ 37. Kf1 Nxc1 38. Bxc1 Rb8 39. Qd6 Ra8 40. c6 b3 41. c7 Qf8 42. Qc6 Rc8 43.
Bg4 Re8 44. c8=Q Rxc8 45. Qxc8 Qxc8 46. Bxc8 1-0

[Event "Late-Titled-Tuesday-Blitz-December-26-2023"]
[Site "Chess.com"]
[Date "2023.12.26"]
[Round "3"]
[White "tripledes"]
[Black "YouShallNotPass001"]
[Result "0-1"]
[WhiteElo "2218"]
[BlackElo "2512"]
[TimeControl "180+1"]
[EndTime "14:29:07 PST"]
[Termination "YouShallNotPass001 won by checkmate"]

1. e4 e6 2. d4 d5 3. exd5 exd5 4. Nf3 Nc6 5. Bb5 Bd6 6. c4 dxc4 7. d5 a6 8. Ba4 b5 9. dxc6 bxa4 10. Nbd2 Be6 11.
Qxa4 Bc5 12. O-O Qd3 13. Ne5 Qe2 14. Nexc4 Nf6 15. Ne3 Bxe3 16. fxe3 Qxe3+ 17. Kh1 Ng4 18. Ne4 Qe2 19. Bg5 O-O 20. Rae1 Qb5 21. Qc2 Bc4 22. Rf4 Bd3 23. Qc3 Bxe4 24. Rxg4 Bg6 25. h4 Rfe8 26.
Rg1 h6 27. Bf4 Re6 28. Bxc7 Rxc6 29. Qg3 Kh7 30. Be5 Re8 31. h5 Rxe5 32. hxg6+ fxg6 33. Rh4 Rg5 34. Qf4 Rf5 35. Qe4 Rcf6 36. Rd1 Qxb2 37.
Rd8 Rf1+ 38. Kh2 Qb6 39. Re8 Qc7+ 40. Qe5 Qxe5+ 41. Rxe5 R1f5 42. Rhe4 Rxe5 43. Rxe5 g5 44. Ra5 Rb6 45. g4 Kg6 46. Kg3 Kf6 47. Kf3 g6 48.
Ke4 h5 49. Kf3 h4 50. Kg2 Kg7 51. Kf2 Kh6 52. Kf3 Rb4 53. Rxa6 Rf4+ 54. Kg2 Rxg4+ 55. Kh3 Rg3+ 56. Kh2 Kh5 57. a4 g4 58. a5 Ra3 59.
Ra8 g3+ 60. Kh3 Ra2 61. a6 Rh2# 0-1

[Event "Late-Titled-Tuesday-Blitz-December-26-2023"]
[Site "Chess.com"]
[Date "2023.12.26"]
[Round "3"]
[White "Hrant_ChessMood"]
[Black "Kildepiotr"]
[Result "0-1"]
[WhiteElo "2869"]
[BlackElo "2676"]
[TimeControl "180+1"]
[EndTime "14:29:09 PST"]
[Termination "Kildepiotr won by checkmate"]

1. Nf3 Nf6 2. c4 e6 3. g3 d5 4. Bg2 Be7 5. O-O O-O 6. b3 b6 7. Bb2 Bb7 8. cxd5 exd5 9. d4 Nbd7 10. Nc3 Ne4 11. Rc1 Ndf6 12. Ne5 Nxc3 13. Bxc3 Ne4 14. Bb2 Qd6 15. Nd3 Rfe8 16. Qc2 c6 17. a4 Bg5 18.
Ra1 a5 19. Bc1 Bxc1 20. Rfxc1 Rac8 21. Qb2 Ba6 22. b4 axb4 23. Qxb4 Qxb4 24. Nxb4 Bc4 25. e3 c5 26. dxc5 bxc5 27. Bxe4 Rxe4 28. Na2 Ba6 29. Nc3 Re5 30. Rd1 Rd8 31. Nb5 Kf8 32. Rac1 Bxb5 33.
axb5 d4 34. b6 Rb8 35. exd4 cxd4 36. Rc7 Rxb6 37. Rxd4 Re8 38. Rdd7 Rf6 39. Kg2 h5 40. f4 g6 41. Kh3 Kg7 42. Kh4 Rf5 43. Ra7 Re2 44. Kh3 Re3 45. Rd8 Rxf4 46. Ra2 Rf5 47. Rd4 g5 48. Rad2 Kg6 49. Rd8 h4 50. Kg4 Re4+ 51. Kh3 g4+ 52. Kg2 h3+ 53. Kg1 Re1# 0-1

[Event "Late-Titled-Tuesday-Blitz-December-26-2023"]
[Site "Chess.com"]
[Date "2023.12.26"]
[Round "3"]
[White "gahryman"]
[Black "Durarbayli"]
[Result "0-1"]
[WhiteElo "2665"]
[BlackElo "2895"]
[TimeControl "180+1"]
[EndTime "14:29:10 PST"]
[Termination "Durarbayli won on time"]

1. e4 e5 2. Nf3 Nc6 3. Bc4 Nf6 4. Qe2 Bc5 5. c3 O-O 6. d3 d5 7. Bb3 h6 8. Nbd2 Be6 9. O-O Re8 10. Ba4 Bd7 11.
Bb3 d4 12. h3 a5 13. cxd4 Bxd4 14. Ba4 Nh5 15. Nxd4 Nf4 16. Qd1 Nxd4 17. Bxd7 Qxd7 18. Nc4 Nde2+ 19. Kh2 Qxd3 20. Bxf4 Qxc4 21. Be3 Red8 22.
b3 Rxd1 23. bxc4 Rxf1 24. Rxf1 Nc3 25. a3 Nxe4 26. Rb1 b6 27. c5 Nxc5 28. Bxc5 bxc5 29. Rb5 f6 30. Rxc5 Ra7 31. Rc6 Kf7 32. Kg3 Ke7 33. Kg4 Kd7 34. Rc2 g6 35. f4 exf4 36.
Kxf4 Ra6 37. Rc5 Kd6 38. Rb5 c5 39. Ke4 f5+ 40. Kd3 Kd5 41. a4 g5 42. g3 f4 43.
gxf4 gxf4 44. Rb8 c4+ 45. Kc3 Rf6 46. Rb5+ Ke4 47. Kd2 f3 48. Ke1 c3 49. Rc5 Kd3 50.
Rd5+ Kc4 51. Rxa5 c2 52. Kd2 f2 53. Ra8 f1=Q 54. Rc8+ Kb3 0-1

[Event "Late-Titled-Tuesday-Blitz-December-26-2023"]
[Site "Chess.com"]
[Date "2023.12.26"]
[Round "3"]
[White "Jospem"]
[Black "TanitoluwaAps116"]
[Result "1/2-1/2"]
[WhiteElo "3078"]
[BlackElo "2754"]
[TimeControl "180+1"]
[EndTime "14:29:11 PST"]
[Termination "Game drawn by agreement"]

1. e4 c5 2. Nc3 Nc6 3. Bb5 g6 4. Bxc6 bxc6 5. d3 Bg7 6. f4 d6 7.
Nf3 Nf6 8. O-O Rb8 9. Rb1 h6 10. h3 Be6 11. Bd2 c4 12. Kh1 cxd3 13. cxd3 c5 14. Nh4 Bd7 15. Qe1 Bc6 16. Qf2 Qc8 17.
Kh2 O-O 18. b3 Qa6 19. Qe2 Nd7 20. f5 Ne5 21. Rbe1 Qxd3 22. fxg6 Qxe2 23. gxf7+ Rxf7 24. Nxe2 Bxe4 25. Ng3 Bh7 26. Rxf7 Kxf7 27. Nhf5 Bxf5 28.
Nxf5 h5 29. Ng3 Rh8 30. Ne4 Kg6 31. Nc3 Kf7 32. Nd5 a6 33. Bg5 e6 34. Nb6 Rb8 35.
Na4 Rb4 36. Be3 Re4 37. Rf1+ Kg6 38. Bf4 Nd3 39. Bxd6 c4 40. Nc5 Nxc5 41. Bxc5 c3 42. Rc1 Be5+ 43. Kg1 Re2 44. Kf1 Rxa2 45. Be3 Kf5 46. Bf2 Ke4 47. Re1+ Kd5 48. Rd1+ Kc6 49. Rc1 Rb2 50. Be1 Rxb3 51. Ke2 a5 52. Kd3 a4 53.
Kc4 Rb2 54. Bxc3 Bxc3 55. Rxc3 Rxg2 56. Kb4+ Kd5 57. Rc5+ 1/2-1/2

[Event "Late-Titled-Tuesday-Blitz-December-26-2023"]
[Site "Chess.com"]
[Date "2023.12.26"]
[Round "3"]
[White "ATM622"]
[Black "colegiodemadrid"]
[Result "1-0"]
[WhiteElo "2416"]
[BlackElo "2553"]
[TimeControl "180+1"]
[EndTime "14:29:11 PST"]
[Termination "ATM622 won by checkmate"]

1. d4 Nf6 2. c4 g6 3. g3 Bg7 4. Bg2 c6 5. Nf3 d5 6. O-O O-O 7. Nc3 dxc4 8. Ne5 Be6 9. e4 Nfd7 10. Nf3 Nb6 11. Be3 N8d7 12. Ng5 Nf6 13. Nxe6 fxe6 14. Bh3 Qd7 15. d5 cxd5 16. Bxb6 axb6 17. exd5 Nxd5 18. Nxd5 Qxd5 19. Qe2 Kh8 20. Bxe6 Qd3 21. Bxc4 Qxe2 22. Bxe2 Bxb2 23. Rab1 Bd4 24. Bc4 e5 25. Bd5 Rf6 26.
Kg2 Ra5 27. Bb3 Rc5 28. f3 Kg7 29. Rbc1 h5 30. h4 Rfc6 31. Rce1 Rc3 32. f4 R6c5 33. Re4 Re3 34. Rxe3 Bxe3 35. fxe5 Rxe5 36. Rf7+ Kh8 37. Rxb7 Bc5 38. Kf3 g5 39. hxg5 Rxg5 40. Kf4 Rg4+ 41. Kf3 Rg5 42. Rd7 Rg7 43. Rd8+ Kh7 44. Kf4 Kh6 45.
Kf5 Rg5+ 46. Kf6 Rg6+ 47. Kf5 Rg5+ 48. Kf4 Rg6 49. Kf3 Rf6+ 50. Ke4 Kg5 51. Rg8+ Kh6 52. Ke5 Rg6 53. Rh8+ Kg5 54. Bd1 h4 55. Rh5# 1-0

[Event "Late-Titled-Tuesday-Blitz-December-26-2023"]
[Site "Chess.com"]
[Date "2023.12.26"]
[Round "3"]
[White "Onthequiet"]
[Black "BlackGod93"]
[Result "1/2-1/2"]
[WhiteElo "2426"]
[BlackElo "2584"]
[TimeControl "180+1"]
[EndTime "14:29:12 PST"]
[Termination "Game drawn by repetition"]

1. d4 Nf6 2. Nf3 e6 3. a3 c5 4. dxc5 Bxc5 5. b4 Be7 6. Bb2 O-O 7. e3 d5 8. Nbd2 a5 9. b5 a4 10. c4 Nbd7 11. Be2 b6 12. Nd4 Bb7 13. Bf3 Ne5 14. cxd5 Nxf3+ 15. gxf3 Bxd5 16. e4 Bb7 17. Rg1 Qd6 18.
Nc6 e5 19. Nc4 Qe6 20. Nxe7+ Qxe7 21. Qd6 Rfe8 22. Qxe7 Rxe7 23. Bxe5 Ne8 24. Bb2 f5 25. Nxb6 Ra5 26. Bd4 fxe4 27. f4 Rxb5 28. Nxa4 Rd7 29. Be3 Ra5 30. Nb6 Rd3 31. Nc4 Ra4 32. Nb2 Raxa3 33.
Nxd3 Rxa1+ 34. Nc1 Nf6 35. Kd2 Ra8 36. Nb3 Rd8+ 37. Nd4 Nd5 38. Kc1 Nxf4 39. Kb2 Nd3+ 40. Kc3 Rc8+ 41. Kd2 Bd5 42. Nf5 Rc7 43. Bd4 g6 44.
Nh6+ Kf8 45. Rb1 Ke7 46. Ke3 Nc5 47. Rb8 Ne6 48. Ng4 h5 49. Ne5 Nf8 50. Rb5 Ke6 51.
Rc5 Rxc5 52. Bxc5 Kxe5 53. Bxf8 Be6 54. Bh6 Kf5 55. h4 Kg4 56. Bg5 Bf5 57. Be7 Kh3 58. Bg5 Kg2 59. Bf6 Kf1 60. Bg5 Kg2 61. Bf6 Kh3 62.
Bg5 Kg2 1/2-1/2

[Event "Late-Titled-Tuesday-Blitz-December-26-2023"]
[Site "Chess.com"]
[Date "2023.12.26"]
[Round "3"]
[White "KVAIDAN"]
[Black "Predator0608"]
[Result "1-0"]
[WhiteElo "2391"]
[BlackElo "2535"]
[TimeControl "180+1"]
[EndTime "14:29:12 PST"]
[Termination "KVAIDAN won by resignation"]

1. f4 Nf6 2. Nf3 g6 3. d3 d5 4. e3 Bg7 5. Be2 O-O 6. O-O c5 7. Kh1 Nc6 8. a4 Qc7 9. Nc3 e5 10. Nb5 Qe7 11. fxe5 Nxe5 12. Nxe5 Qxe5 13. e4 dxe4 14. Bf4 Qxb2 15. Rb1 Qa2 16. Be5 exd3 17. Bxd3 Ng4 18. Bxg7 Kxg7 19. Nd6 Ne3 20. Qe1 Nxf1 21. Qe5+ f6 22. Qe7+ Rf7 23. Ne8+ Kg8 24. Nxf6+ Rxf6 25. Qxf6 Ng3+ 26. hxg3 Qxb1+ 27. Kh2 Qa2 28. c4 Qxa4 29. Qd8+ Kf7 30. Be4 Qd7 31. Bd5+ Kg7 32. Qg8+ Kh6 33.
Qf8+ Qg7 34. Qf4+ g5 35. Qd6+ Kh5 36. Qd8 Rb8 37. g4+ Kh6 38. Qd6+ Qg6 39. Qxb8 Bxg4 40. Kg3 Bf5 41. Qxb7 Qd6+ 42. Kf2 Qf4+ 43. Bf3 Qd2+ 44.
Kg1 Qe1+ 45. Kh2 Qh4+ 46. Kg1 Qe1+ 47. Kh2 Qe5+ 48. g3 g4 49. Bg2 Kg5 50. Qxa7 h5 51. Qa8 h4 52. Qg8+ Bg6 53. Qd8+ Qf6 54. gxh4+ Kf5 55.
Be4+ Ke5 56. Qd5+ Kf4 57. Bxg6 g3+ 58. Kh3 Qxg6 59. Qd2+ Kf3 60. Qd3+ Kf2 61. Qxg6 1-0

[Event "Late-Titled-Tuesday-Blitz-December-26-2023"]
[Site "Chess.com"]
[Date "2023.12.26"]
[Round "3"]
[White "mightysmasher"]
[Black "PoXerStar"]
[Result "0-1"]
[WhiteElo "2573"]
[BlackElo "2433"]
[TimeControl "180+1"]
[EndTime "14:29:13 PST"]
[Termination "PoXerStar won by checkmate"]

1. e4 c5 2. c3 Nf6 3. e5 Nd5 4. d4 cxd4 5. cxd4 e6 6. Nf3 d6 7. Nc3 Nxc3 8. bxc3 Qc7 9. Qc2 Nd7 10. exd6 Bxd6 11.
Bd3 h6 12. O-O O-O 13. Bd2 b6 14. Rfe1 Bb7 15. Be4 Nf6 16. Bxb7 Qxb7 17. Qd3 b5 18. Rab1 a6 19. a4 Rab8 20. axb5 axb5 21. h3 Rfd8 22. Rb2 Be7 23. Reb1 Rd5 24. c4 Rf5 25. Rxb5 Rxb5 26.
Rxb5 Qc8 27. Qb3 Rxb5 28. Qxb5 Ne4 29. Bb4 Bd6 30. c5 Bf4 31. c6 Qa8 32. Qb7 Qa1+ 33. Be1 Nd2 34. Nxd2 Bxd2 35. c7 Qxe1+ 36. Kh2 Bf4+ 37.
g3 Qxf2+ 38. Kh1 Qe1+ 39. Kg2 Qxg3+ 40. Kf1 Bxc7 41. Qc8+ Kh7 42. Qb7 Qf4+ 43. Ke2 f5 44.
d5 exd5 45. Kd3 Qe4+ 46. Kc3 Be5+ 47. Kd2 d4 48. Qxe4 fxe4 49. Ke2 g5 50. Kd2 Kg6 51. Ke2 Kf5 52. Kd2 h5 53. Ke2 g4 54. h4 g3 55. Kf1 Kg4 56. Kg2 d3 57. Kg1 d2 58.
Kg2 e3 59. Kg1 d1=Q+ 60. Kg2 Qf3+ 61. Kg1 Qf2+ 62. Kh1 Qh2# 0-1

[Event "Late-Titled-Tuesday-Blitz-December-26-2023"]
[Site "Chess.com"]
[Date "2023.12.26"]
[Round "3"]
[White "vugarrasulov"]
[Black "attack2mateU"]
[Result "1/2-1/2"]
[WhiteElo "2917"]
[BlackElo "2715"]
[TimeControl "180+1"]
[EndTime "14:29:16 PST"]
[Termination "Game drawn by stalemate"]

1. d4 Nf6 2. c4 g6 3. Nf3 Bg7 4. g3 c6 5. Bg2 d5 6. Qa4 O-O 7. O-O Nfd7 8. cxd5 cxd5 9. Nc3 Nb6 10. Qd1 Nc6 11.
Bf4 Bg4 12. Ne5 Nxe5 13. Bxe5 Bh6 14. Qb3 Be6 15. Rfd1 Qd7 16. e3 Rfc8 17. Rac1 Nc4 18. Bf4 Bxf4 19. exf4 Rc6 20. Na4 b6 21. Qb5 Rac8 22.
b3 Na3 23. Qf1 Rc2 24. Rxc2 Rxc2 25. Qa6 Bg4 26. Re1 Nb5 27. h3 Be2 28. Bf1 Bxf1 29.
Rxf1 Rxa2 30. Nxb6 Rxa6 31. Nxd7 Nxd4 32. b4 Ra4 33. Rb1 Nc2 34. b5 d4 35. b6 axb6 36. Nxb6 Ra2 37. Nd5 e6 38. Nb4 Nxb4 39. Rxb4 d3 40.
Rd4 d2 41. Kf1 Kg7 42. Kg2 Kf6 43. Kf3 h5 44. h4 Kf5 45. Ke3 Kg4 46. Rxd2 Rxd2 47.
Kxd2 Kf3 48. Ke1 f6 49. Kf1 e5 50. fxe5 fxe5 51. Ke1 e4 52. Kf1 e3 53. fxe3 Kxe3 54. Kg2 Ke2 55. g4 Ke3 56. Kg3 Ke4 57. gxh5 gxh5 58. Kg2 Kf4 59. Kh2 Kg4 60. Kg2 Kxh4 61. Kh2 Kg4 62. Kh1 h4 63. Kg1 h3 64. Kh1 Kg3 65. Kg1 h2+ 66. Kh1 Kh3 1/2-1/2